 Dungeon Crawl Stone Soup version 0.16-a0-3939-g9a3e665 (webtiles) character file.

187872 Ololoev the Bewitcher (level 17, -9/78 HPs)
             Began as a Felid Enchanter on Feb 5, 2015.
             Was the Champion of Dithmenos.
             Killed from afar by a deep elf sorcerer (24 damage)
             ... with a blast of hellfire
             ... on level 3 of the Elven Halls on Feb 6, 2015.
             The game lasted 06:00:17 (55713 turns).

Ololoev the Bewitcher (Felid Enchanter)            Turns: 55713, Time: 06:00:18

Health: -9/78      AC:  3    Str:  4    XL:     17   Next: 17%
Magic:  5/35       EV: 30    Int: 31    God:    Dithmenos [******]
Gold:   1090       SH:  0    Dex: 16    Spells: 10 memorised, 0 levels left
                                        Lives:  0   Deaths: 3

rFire  . . .     SeeInvis +       - Unarmed
rCold  + . .     Clarity  .     (armour unavailable)
rNeg   . . .     SustAb   .     (shield unavailable)
rPois  .         Gourm    .     (helmet unavailable)
rElec  .         Spirit   .     (cloak unavailable)
rCorr  .         Warding  .     (gloves unavailable)
rMut   .         Stasis   .     (boots unavailable)
MR     ++...                    (no amulet)
Stlth  +++++++++.               y - +2 ring of intelligence
                                t - ring of wizardry

@: brilliant, very slightly contaminated, regenerating, hasted, wreathed by
umbra, repel missiles, very quick, very resistant to hostile enchantments,
incredibly stealthy
A: paw claws, no armour, no weapons or thrown items, fangs 3, see invisible,
carnivore 3, speed 1, shaggy fur 3, slow metabolism 1
a: Shadow Step, Shadow Form, Renounce Religion
}: 2/15 runes: abyssal, gossamer


You were on level 3 of the Elven Halls.
You worshipped Dithmenos.
Dithmenos was exalted by your worship.
You were not hungry.

You visited 8 branches of the dungeon, and saw 40 of its levels.
You visited the Abyss 1 time.
You also visited: Ice Cave.

You collected 3807 gold pieces.
You spent 2717 gold pieces at shops.

Notes
Turn   | Place    | Note
--------------------------------------------------------------
     0 | D:1      | Ololoev, the Felid Enchanter, began the quest for the Orb.
     0 | D:1      | Reached XP level 1. HP: 7/7 MP: 4/4
   552 | D:1      | Reached XP level 2. HP: 9/11 MP: 3/5
   556 | D:1      | Learned a level 2 spell: Ensorcelled Hibernation
   766 | D:1      | Reached skill level 5 in Hexes
  1673 | D:2      | Reached XP level 3. HP: 14/14 MP: 8/8
  2025 | D:2      | Learned a level 3 spell: Confuse
  2213 | D:2      | Reached skill level 6 in Hexes
  2213 | D:2      | Reached XP level 4. HP: 18/18 MP: 2/10
  2777 | D:2      | Reached XP level 5. HP: 4/21 MP: 7/12
  3683 | D:3      | Reached skill level 7 in Hexes
  4066 | D:4      | Found Weizugor's Jewellery Boutique.
  4230 | D:4      | Found a shimmering altar of Xom.
  4251 | D:4      | Gained mutation: You are covered in thick fur (AC +2). [growing up]
  4251 | D:4      | Reached XP level 6. HP: 21/24 MP: 4/15
  4431 | D:5      | Entered Level 5 of the Dungeon
  4431 | D:5      | Noticed Edmund
  4465 | D:5      | Noticed Prince Ribbit
  4597 | D:5      | Reached skill level 5 in Stealth
  4688 | D:4      | Killed Edmund
  4688 | D:4      | Reached skill level 8 in Hexes
  4688 | D:4      | Reached XP level 7. HP: 27/27 MP: 2/18
  4802 | D:5      | Learned a level 3 spell: Dazzling Spray
  4915 | D:5      | Got an iridescent flail
  4943 | D:5      | Found a white marble altar of Elyvilon.
  5067 | D:5      | Found a staircase to the Ecumenical Temple.
  5076 | Temple   | Entered the Ecumenical Temple
  5430 | D:4      | Bought an uncursed ring of ice for 250 gold pieces
  5987 | D:5      | Killed Prince Ribbit
  5987 | D:5      | Reached skill level 9 in Hexes
  5987 | D:5      | Reached XP level 8. HP: 31/31 MP: 15/21
  6028 | D:6      | Noticed a troll
  6053 | D:6      | Reached skill level 5 in Dodging
  6372 | D:6      | Killed a troll
  6372 | D:6      | Reached skill level 5 in Unarmed Combat
  6372 | D:6      | Reached skill level 10 in Hexes
  6405 | D:6      | Noticed Blork the orc
  6416 | D:6      | Found an iron altar of Okawaru.
  6419 | D:6      | Killed Blork the orc
  6570 | D:6      | Reached skill level 1 in Conjurations
  6570 | D:6      | Reached skill level 1 in Ice Magic
  6728 | D:7      | Reached XP level 9. HP: 34/34 MP: 20/23
  7198 | D:7      | Reached skill level 11 in Hexes
  7385 | D:7      | Learned a level 3 spell: Regeneration
  7722 | D:7      | Reached skill level 1 in Charms
  7741 | D:7      | Noticed Ijyb
  7746 | D:7      | Killed Ijyb
  8218 | D:7      | Got a shimmering ring mail
  8331 | D:7      | Noticed Duvessa
  8343 | D:7      | Killed Duvessa
  8374 | D:7      | Noticed Dowan
  8391 | D:7      | Killed Dowan
  8940 | D:8      | Reached skill level 1 in Fighting
  9080 | D:8      | Reached skill level 12 in Hexes
  9080 | D:8      | Reached XP level 10. HP: 39/39 MP: 24/24
  9284 | D:8      | Found a stormy altar of Qazlal.
  9560 | D:8      | Found a white marble altar of Elyvilon.
  9565 | D:8      | Found a deep blue altar of Sif Muna.
  9565 | D:8      | Found a glowing golden altar of the Shining One.
  9566 | D:8      | Found an ancient bone altar of Kikubaaqudgha.
  9566 | D:8      | Found a bloodstained altar of Trog.
  9567 | D:8      | Found a burning altar of Makhleb.
  9569 | D:8      | Found a shadowy altar of Dithmenos.
  9570 | D:8      | Found a sparkling altar of Nemelex Xobeh.
  9574 | D:8      | Became a worshipper of Dithmenos the Shadowed
 10094 | D:9      | Found a staircase to the Orcish Mines.
 10550 | D:9      | Reached skill level 13 in Hexes
 10815 | D:10     | Entered Level 10 of the Dungeon
 10865 | D:10     | Noticed a hill giant
 10873 | D:10     | Killed a hill giant
 11150 | D:10     | Acquired Dithmenos' first power
 11673 | D:11     | Reached XP level 11. HP: 45/45 MP: 12/25
 11721 | D:11     | Learned a level 4 spell: Enslavement
 11760 | D:11     | Noticed a hill giant
 11786 | D:11     | Killed a hill giant
 12075 | D:11     | Found a staircase to the Lair.
 12099 | D:11     | Noticed Monkaria's ghost (powerful HOFi)
 12155 | D:11     | Reached skill level 14 in Hexes
 12389 | D:11     | Acquired Dithmenos' second power
 12563 | D:11     | Killed Monkaria's ghost
 12864 | D:11     | Reached skill level 10 in Unarmed Combat
 12968 | D:11     | Reached skill level 5 in Fighting
 13230 | D:7      | Got an ancient robe
 13892 | D:12     | Reached skill level 15 in Hexes
 13986 | D:12     | Reached skill level 10 in Dodging
 14135 | D:12     | Noticed a hill giant
 14139 | D:12     | Acquired Dithmenos' third power
 14144 | D:12     | Killed a hill giant
 14176 | D:12     | Noticed a tengu warrior
 14196 | D:12     | Killed a tengu warrior
 14196 | D:12     | Gained mutation: Your thick and shaggy fur keeps you warm (AC +3, rC+). [growing up]
 14196 | D:12     | Reached XP level 12. HP: 27/52 MP: 3/26
 14994 | D:13     | Learned a level 1 spell: Apportation
 14997 | D:13     | Learned a level 2 spell: Blink
 15018 | D:13     | Noticed a centaur warrior
 15025 | D:13     | Killed a centaur warrior
 15062 | D:13     | Noticed a centaur warrior
 15072 | D:13     | a centaur warrior (ally) was killed
 15296 | D:13     | Reached skill level 16 in Hexes
 15708 | D:14     | Noticed Urug
 15716 | D:14     | Killed Urug
 15780 | D:14     | Noticed a centaur warrior
 15782 | D:14     | Noticed Josephine
 15783 | D:14     | Killed a centaur warrior
 16158 | D:14     | Killed Josephine
 16536 | D:14     | Reached skill level 1 in Translocations
 16541 | D:14     | Noticed a vault guard
 16545 | D:14     | Noticed a vault guard
 16547 | D:14     | Noticed a vault guard
 16555 | D:14     | Noticed a vault guard
 16557 | D:14     | Noticed a vault guard
 16796 | D:14     | Noticed an eight-headed hydra
 16804 | D:14     | Noticed a centaur warrior
 16881 | D:14     | Killed an eight-headed hydra
 16908 | D:14     | Killed a centaur warrior
 17293 | D:14     | Killed a vault guard
 17293 | D:14     | Reached skill level 17 in Hexes
 17348 | D:14     | Reached XP level 13. HP: 57/57 MP: 18/27
 17400 | D:14     | Got a tattered robe
 17449 | D:14     | Killed a vault guard
 17478 | D:14     | Found a gate to the Vaults.
 17488 | D:14     | Noticed a vault guard
 17492 | D:14     | Noticed a vault guard
 17532 | D:14     | Killed a vault guard
 17544 | D:14     | Killed a vault guard
 17557 | D:14     | Killed a vault guard
 17638 | D:14     | Killed a vault guard
 17870 | D:14     | Slain by a white ugly thing
 17871 | D:14     | Reached XP level 12. HP: -1/54 MP: 12/26
 17923 | D:14     | Gained mutation: Your muscles are strong. (Str +2) [mutagenic meat]
 17985 | D:14     | Noticed a vault guard
 17997 | D:14     | Killed a vault guard
 18013 | D:14     | Gained mutation: You are partially covered in slimy green scales (AC +2). [potion of beneficial mutation]
 18055 | D:14     | Killed a vault guard
 18060 | D:15     | Entered Level 15 of the Dungeon
 18238 | D:15     | Reached skill level 5 in Translocations
 18291 | D:15     | Noticed a centaur warrior
 18301 | D:15     | Killed a centaur warrior
 18416 | D:15     | Found a burning altar of Makhleb.
 18710 | D:15     | Reached skill level 18 in Hexes
 18923 | D:15     | Noticed a fire dragon
 18923 | D:15     | Noticed a fire dragon
 18926 | D:15     | Found a staircase to the Depths.
 18927 | D:15     | Killed a fire dragon
 18944 | D:15     | Killed a fire dragon
 18944 | D:15     | Reached XP level 13. HP: 58/58 MP: 21/27
 19598 | Lair:1   | Entered Level 1 of the Lair of Beasts
 20749 | Lair:2   | Noticed Erica
 20758 | Lair:2   | Killed Erica
 20772 | Lair:2   | Acquired Dithmenos' fourth power
 21695 | Lair:3   | Reached skill level 1 in Evocations
 21840 | Lair:3   | Found a hole to the Spider Nest.
 22012 | Lair:3   | Learned a level 2 spell: Shroud of Golubria
 22066 | Lair:3   | Noticed Nergalle
 22067 | Lair:3   | Found a shimmering altar of Xom.
 22073 | Lair:3   | Killed Nergalle
 22301 | Lair:3   | Noticed Maud
 22320 | Lair:3   | Killed Maud
 23093 | Lair:4   | Reached skill level 19 in Hexes
 23154 | Lair:4   | Got a twitching tin amulet
 23156 | Lair:4   | Identified the amulet of Tension {Inacc Dex+4} (You found it on level 4 of the Lair of Beasts)
 24027 | Lair:5   | Reached skill level 5 in Spellcasting
 24027 | Lair:5   | Reached XP level 14. HP: 56/63 MP: 11/29
 24037 | Lair:5   | Learned a level 3 spell: Mephitic Cloud
 26196 | Lair:6   | Found a staircase to the Slime Pits.
 27076 | Lair:6   | Found a staircase to the Shoals.
 29296 | Lair:8   | Entered Level 8 of the Lair of Beasts
 29431 | Lair:8   | Upgraded the game from 0.16-a0-3926-g4728e1c to 0.16-a0-3939-g9a3e665
 29949 | Lair:8   | Reached XP level 15. HP: 53/69 MP: 1/31
 30825 | Lair:8   | Reached skill level 5 in Evocations
 30982 | Lair:8   | Reached skill level 20 in Hexes
 31393 | Lair:8   | Learned a level 2 spell: Repel Missiles
 31503 | Lair:8   | Reached skill level 10 in Fighting
 31567 | Lair:8   | Identified the Collected Works on Flight
 32142 | Orc:1    | Entered Level 1 of the Orcish Mines
 33269 | Orc:2    | Noticed Fannar
 33414 | Orc:2    | Killed Fannar
 33685 | Orc:4    | Entered Level 4 of the Orcish Mines
 33730 | Orc:4    | Found a staircase to the Elven Halls.
 35041 | Orc:4    | Found Hojor's Armour Emporium.
 35042 | Orc:4    | Found Strinneo's Magic Scroll Boutique.
 35053 | Orc:4    | Found Psamos' Distillery.
 35053 | Orc:4    | Found Tuofam's Armour Boutique.
 35077 | Orc:4    | Bought a scroll of vulnerability for 112 gold pieces
 35077 | Orc:4    | Bought a scroll of identify for 30 gold pieces
 35077 | Orc:4    | Bought a scroll of identify for 30 gold pieces
 35080 | Orc:4    | Bought a potion of mutation for 25 gold pieces
 35080 | Orc:4    | Bought 2 potions of cancellation for 160 gold pieces
 35080 | Orc:4    | Bought a potion of flight for 30 gold pieces
 35080 | Orc:4    | Bought a potion of haste for 100 gold pieces
 35080 | Orc:4    | Bought 2 potions of heal wounds for 100 gold pieces
 35080 | Orc:4    | Bought a potion of heal wounds for 50 gold pieces
 35771 | Orc:2    | Found Afuadaf's Weapon Boutique.
 36192 | Spider:1 | Entered Level 1 of the Spider Nest
 36236 | Spider:1 | Found a frozen archway.
 36259 | IceCv    | Entered an ice cave
 37070 | IceCv    | Reached skill level 15 in Unarmed Combat
 37296 | IceCv    | Got a pair of faintly glowing boots
 38196 | Spider:2 | Noticed Rupert
 38231 | Spider:2 | Reached XP level 16. HP: 62/73 MP: 21/33
 38982 | Spider:2 | Killed Rupert
 39814 | Spider:3 | Reached skill level 5 in Ice Magic
 40034 | Spider:3 | Reached skill level 5 in Conjurations
 40190 | Spider:3 | Noticed Snorg
 40197 | Spider:3 | Killed Snorg
 41073 | Spider:4 | Identified a scroll of acquirement
 42107 | Spider:4 | Noticed Arachne
 42122 | Spider:4 | Killed Arachne
 42693 | Spider:5 | Entered Level 5 of the Spider Nest
 42783 | Spider:5 | Reached skill level 15 in Dodging
 43112 | Spider:5 | Gained mutation: You can spit poison. [mutagenic meat]
 43113 | Spider:5 | Lost mutation: You are partially covered in slimy green scales (AC +2). [mutagenic meat]
 43665 | Spider:5 | Reached XP level 17. HP: 54/78 MP: 13/34
 44808 | Spider:5 | Gained mutation: You are partially covered in iridescent scales (AC +4). [mutagenic meat]
 44809 | Spider:5 | Lost mutation: Your muscles are strong. (Str +2) [mutagenic meat]
 44810 | Spider:5 | Gained mutation: You expend magic power (3 MP) to slightly strengthen your wands. [mutagenic meat]
 45553 | Spider:5 | Got a gossamer rune of Zot
 46094 | Orc:4    | Gained mutation: You have a pair of small horns on your head. [potion of mutation]
 46094 | Orc:4    | Gained mutation: You heal slowly when monsters are visible. [potion of mutation]
 46094 | Orc:4    | Gained mutation: You can spit moderately strong poison. [potion of mutation]
 46399 | Depths:1 | Entered Level 1 of the Depths
 46419 | Depths:1 | Learned a level 6 spell: Freezing Cloud
 47552 | Shoals:1 | Entered Level 1 of the Shoals
 47867 | Shoals:1 | Found Fetagaha's Book Boutique.
 47869 | Shoals:1 | Bought a book of the Warp for 1620 gold pieces
 47877 | Shoals:1 | Learned a level 4 spell: Force Lance
 47884 | Shoals:1 | Learned a level 6 spell: Gell's Gravitas
 47932 | Shoals:1 | Noticed Louise
 47945 | Shoals:1 | Cast into the Abyss (Louise)
 47976 | Abyss:1  | Lost strength.
 48012 | Abyss:2  | Noticed a lich
 48107 | Abyss:3  | Found a corrupted altar of Lugonu.
 48334 | Abyss:3  | Noticed a hellephant
 48340 | Abyss:3  | Got an abyssal rune of Zot
 48702 | Shoals:1 | Escaped the Abyss
 48716 | Shoals:1 | Killed Louise
 48770 | Shoals:1 | Got an ebony falchion
 48793 | Shoals:1 | Noticed Roxanne
 49284 | Shoals:2 | Found Aceer's General Store.
 49304 | Shoals:2 | Noticed Nikola
 49657 | Shoals:2 | Killed from afar by Nikola
 49658 | Shoals:2 | Reached XP level 16. HP: 0/75 MP: 21/34
 49695 | Shoals:2 | HP: 3/75 [Nikola/chain lightning (31)]
 49695 | Shoals:2 | Killed from afar by Nikola
 49696 | Shoals:2 | Reached XP level 15. HP: -27/71 MP: 16/33
 49708 | Shoals:2 | Killed Nikola
 49857 | Shoals:2 | Found a basalt altar of Yredelemnul.
 49882 | Shoals:2 | Got a scorched turquoise ring
 49884 | Shoals:2 | Identified the ring of Jyenadod {rPois+ rN+ MR+ Str-2 SInv Stlth+} (You acquired it on level 2 of the Shoals)
 50081 | Shoals:2 | Reached XP level 16. HP: 75/75 MP: 29/34
 50398 | Shoals:3 | Noticed Polyphemus
 50485 | Shoals:3 | Found Zyumioc's Weapon Shop.
 51339 | Elf:1    | Entered Level 1 of the Elven Halls
 51355 | Elf:1    | Found a shimmering altar of Xom.
 51808 | Elf:1    | Identified the Catalogue of Conjuration (You found it on level 1 of the Elven Halls)
 52158 | Elf:1    | Found Lotuyd's Antique Armour Shoppe.
 52207 | Elf:1    | Reached skill level 10 in Conjurations
 52330 | Elf:1    | Reached skill level 10 in Ice Magic
 52517 | Elf:1    | Noticed Donald
 52538 | Elf:1    | Killed Donald
 52712 | Elf:1    | Lost mutation: You expend magic power (3 MP) to slightly strengthen your wands. [mutagenic meat]
 52713 | Elf:1    | Gained mutation: Your body is slowly deteriorating. [mutagenic meat]
 52714 | Elf:1    | Gained mutation: You are resistant to hostile enchantments. [mutagenic meat]
 53206 | Elf:2    | Noticed Norris
 53245 | Elf:1    | Learned a level 4 spell: Fulminant Prism
 53445 | Elf:2    | Killed Norris
 53894 | Elf:2    | Noticed Herrn's ghost (mighty NaTm)
 53949 | Elf:2    | Killed Herrn's ghost
 54185 | Elf:2    | Found Bremuett's General Store.
 54196 | Elf:2    | Lost mutation: You have a pair of small horns on your head. [mutagenic meat]
 54197 | Elf:2    | Gained mutation: Your spells are a little harder to cast, but a little more powerful. [mutagenic meat]
 54199 | Elf:2    | Gained mutation: You are weak. (Str -2) [mutagenic meat]
 54200 | Elf:2    | Lost mutation: Your spells are a little harder to cast, but a little more powerful. [potion of cure mutation]
 54200 | Elf:2    | Lost mutation: You are resistant to hostile enchantments. [potion of cure mutation]
 54200 | Elf:2    | Lost mutation: You are partially covered in iridescent scales (AC +4). [potion of cure mutation]
 54200 | Elf:2    | Lost mutation: Your body is slowly deteriorating. [potion of cure mutation]
 54200 | Elf:2    | Lost mutation: You can spit moderately strong poison. [potion of cure mutation]
 54200 | Elf:2    | Lost mutation: You can spit poison. [potion of cure mutation]
 54200 | Elf:2    | Lost mutation: You are weak. (Str -2) [potion of cure mutation]
 54201 | Elf:2    | Lost mutation: You heal slowly when monsters are visible. [potion of cure mutation]
 54234 | Elf:2    | Bought 2 potions of heal wounds for 150 gold pieces
 54234 | Elf:2    | Bought a potion of agility for 60 gold pieces
 54649 | Elf:2    | Noticed Jorgrun
 54748 | Elf:2    | Killed Jorgrun
 54837 | Elf:2    | Learned a level 3 spell: Ozocubu's Armour
 54843 | Elf:2    | Learned a level 4 spell: Condensation Shield
 54844 | Elf:2    | Identified the cursed +2 flail of Supply {drain, *Rage +Blink Dex+4} (You found it on level 5 of the Dungeon)
 54845 | Elf:2    | Identified the +8 falchion "Claqig" {drain, +Inv rC+ Str-3 Int+3} (You found it on level 1 of the Shoals)
 54988 | Elf:3    | Entered Level 3 of the Elven Halls
 55081 | Elf:3    | Reached skill level 1 in Necromancy
 55178 | Elf:3    | HP: 3/75 [Executioner[a deep elf demonologist] (6)]
 55231 | Elf:3    | Reached XP level 17. HP: 65/78 MP: 1/35
 55470 | Elf:3    | Noticed a deep elf blademaster
 55534 | Elf:3    | Reached skill level 5 in Necromancy
 55545 | Elf:3    | Learned a level 6 spell: Simulacrum
 55650 | Elf:3    | Killed a deep elf blademaster
 55713 | Elf:3    | Killed from afar by a deep elf sorcerer

Inventory:

Armour
 g - the -10 ring mail "Jismoit" {Regen+ Int+2, unknown}
   (You found it on level 7 of the Dungeon)

   It affects your intelligence (+2).
   It increases your rate of regeneration.
 q - a +1 helmet
 B - the cursed -6 robe "Qaizyforph" {Regen+, unknown}
   (You found it on level 7 of the Dungeon)

   It increases your rate of regeneration.
   It has a curse placed upon it.
 H - the +0 robe of Thru May {rPois- MR+ Regen+ SInv, unknown}
   (You found it on level 14 of the Dungeon)

   It makes you vulnerable to poison.
   It affects your resistance to hostile enchantments.
   It enhances your eyesight.
   It increases your rate of regeneration.
 P - the +2 pair of boots "Mniawim" {rN+ rCorr Int+4, unknown}
   (You found it in an ice cave)

   It affects your intelligence (+4).
   It protects you from negative energy.
   It protects you from acid and corrosion.
Jewellery
 t - a ring of wizardry (left paw)
 y - a +2 ring of intelligence (right paw)
 E - an uncursed ring of protection from magic
 J - an uncursed amulet of resist mutation
 Q - an uncursed ring of invisibility
 U - an uncursed ring of flight
 X - the ring of Jyenadod {rPois+ rN+ MR+ Str-2 SInv Stlth+}
   (You acquired it on level 2 of the Shoals)

   [ring of stealth]

   It affects your strength (-2).
   It protects you from poison.
   It protects you from negative energy.
   It affects your resistance to hostile enchantments.
   It enhances your eyesight.
   It makes you more stealthy.
Magical devices
 c - a wand of invisibility (4)
 e - a wand of cold (9)
 v - a wand of digging (6)
 A - a wand of teleportation (5)
 C - a wand of cold (0)
 S - a wand of draining (1)
Scrolls
 h - 5 scrolls of recharging
 o - 4 scrolls of fog
 p - 7 scrolls of teleportation
 r - 10 scrolls of remove curse
 u - 8 scrolls of magic mapping
 K - 3 scrolls of identify
 L - 3 scrolls of holy word
 M - 4 scrolls of vulnerability
Potions
 a - 6 potions of might
 f - 20 potions of curing
 m - 5 potions of resistance
 n - a potion of haste
 I - 2 potions of restore abilities
 N - a potion of invisibility
 O - 2 potions of brilliance
 T - 3 potions of cancellation
Books
 k - the Collected Works on Flight
   (You found it on level 8 of the Lair of Beasts)

   Spells                             Type                      Level
   a - Shock                          Conjuration/Air              1
   b - Repel Missiles                 Charms/Air                   2
   c - Silence                        Hexes/Air                    5
   d - Deflect Missiles               Charms/Air                   6
   e - Freezing Cloud                 Conjuration/Ice/Air          6
 R - a book of Unlife

   Spells                             Type                      Level
   a - Recall                         Summoning/Translocation      3
   b - Animate Dead                   Necromancy                   4
   c - Control Undead                 Necromancy                   4
   d - Cigotuvi's Embrace             Necromancy                   5
   e - Death Channel                  Necromancy                   6
   f - Simulacrum                     Ice/Necromancy               6
Miscellaneous
 b - a sack of spiders {used: 8}
Comestibles
 d - 19 meat rations
 i - 7 beef jerkies
 F - a slice of pizza

Table legend:
 A = Turns spent in this place as a percentage of turns spent in the entire game.
 B = Non-inter-level travel turns spent in this place as a percentage of non-inter-level travel turns spent in the entire game.
 C = Inter-level travel turns spent in this place as a percentage of turns spent in this place.
 D = Turns resting spent in this place as a percentage of non-inter-level travel turns spent in this place.
 E = Turns spent auto-exploring this place as a percentage of non-inter-level travel turns spent in this place.
 F = Non-inter-level travel turns spent in this place divided by the number of levels of this place that you've seen.
                   A       B       C       D       E      F
               +-------+-------+-------+-------+-------+----------------------
         Total | 100.0 | 100.0 |   0.6 |   5.0 |   5.9 | 414.1
       Dungeon |  31.7 |  31.6 |   0.8 |   5.0 |   7.8 | 384.4
        Temple |   0.1 |   0.1 |   7.1 |   0.0 |  84.6 |  13.0
          Lair |  22.0 |  22.0 |   0.6 |   2.9 |   4.9 | 500.0
        Shoals |   6.2 |   6.2 |   0.7 |   4.0 |   4.8 | 378.7
   Spider Nest |  15.9 |  15.9 |   0.4 |   6.4 |   4.1 | 581.2
  Orcish Mines |   8.7 |   8.7 |   0.9 |   3.7 |   9.9 | 395.0
   Elven Halls |   7.6 |   7.6 |   0.5 |   9.3 |   5.7 | 460.7
        Depths |   1.8 |   1.8 |   0.3 |   7.1 |   3.7 | 326.0
         Abyss |   2.8 |   2.9 |   0.0 |   5.8 |   0.0 | 173.7
      Ice Cave |   3.2 |   3.2 |   0.0 |   6.1 |   0.5 | 592.0
               +-------+-------+-------+-------+-------+----------------------


   Skills:
 - Level 11.4 Fighting
 - Level 15.0 Dodging
 - Level 9.9 Stealth
 - Level 16.2 Unarmed Combat
 - Level 8.7 Spellcasting
 - Level 10.9 Conjurations
 - Level 20.3 Hexes
 - Level 2.1 Charms
 * Level 5.4 Necromancy
 - Level 8.2 Translocations
 + Level 11.3 Ice Magic
 - Level 6.0 Evocations


You couldn't memorise any spells.
You knew the following spells:

 Your Spells              Type           Power        Failure   Level  Hunger
a - Freezing Cloud        Conj/Ice/Air   ######....   3%          6    #####..
b - Fulminant Prism       Conj/Hex       #######...   1%          4    None
c - Confuse               Hex            ########     0%          3    None
d - Dazzling Spray        Conj/Hex       #######.     1%          3    None
e - Regeneration          Chrm/Necr      ######....   1%          3    None
f - Ozocubu's Armour      Chrm/Ice       ######..     1%          3    None
g - Apportation           Tloc           ######....   1%          1    None
h - Blink                 Tloc           N/A          1%          2    None
i - Simulacrum            Ice/Necr       ######....   2%          6    #####..
j - Repel Missiles        Chrm/Air       #####.       1%          2    None


Dungeon Overview and Level Annotations

Branches:
Dungeon (15/15)            Temple (1/1) D:5            Lair (8/8) D:11
 Shoals (3/5) Lair:6       Spider (5/5) Lair:3        Slime (0/6) Lair:6
    Orc (4/4) D:9             Elf (3/3) Orc:4        Vaults (0/5) D:14
 Depths (1/5) D:15

Altars:
Ashenzari
Cheibriados
Dithmenos
Elyvilon
Fedhas
Gozag
Kikubaaqudgha
Makhleb
Nemelex Xobeh
Okawaru
Qazlal
Ru
Sif Muna
Trog
Vehumet
Xom
Yredelemnul
Zin
The Shining One

Shops:
D:4 =   Orc:2 (   Orc:4 ?[![   Elf:1 [   Elf:2 *   Shoals:1 :   Shoals:2 *
Shoals:3 (

Annotations:
Shoals:1 exclusion: Roxanne, Roxanne
Shoals:3 Polyphemus
Elf:2 exclusions: 2 doors and 2 more exclusions


Innate Abilities, Weirdness & Mutations

You cannot wear armour.
You are incapable of wielding weapons or throwing items.
Your paws have sharp claws.
You have razor-sharp teeth.
You have supernaturally acute eyesight.
You are carnivorous and can eat meat at any time.
You cover ground quickly.
Your thick and shaggy fur keeps you warm (AC +3, rC+).
You have a slow metabolism.


Message History

The deep elf sorcerer casts a spell.
Casting: Dazzling Spray
Confirm with . or Enter, or press ? or * to list all spells.
Aiming: Dazzling Spray
Press: ? - help, Shift-Dir - straight line, f/p - deep elf sorcerer
Aim: a deep elf sorcerer, wielding a club and wearing a ring mail (severely wounded, umbra)
The spray of energy hits the deep elf sorcerer.
You kill the deep elf sorcerer!
Dithmenos accepts your kill.
Dithmenos appreciates your extinguishing a source of fire.
The spray of energy hits the red devil.
The red devil is moderately wounded.
The red devil disappears in a puff of smoke!
The ynoxinul disappears in a puff of smoke!
A deep elf death mage comes into view. It is wielding a long sword.
Drink which item? (? for menu, Esc to quit)
You feel yourself speed up.
The deep elf death mage moves out of view.
The balrug gestures at you. Something smites you!
You enter the shallow water.
Moving in this stuff is going to be slow.
The balrug gestures at you. Something smites you! The balrug gestures at you.
Something smites you!
Items here: $ ))) [ † The deep elf sorcerer points at you and mumbles some strange words.
The hellfire explodes!
The blast of hellfire engulfs you!
You emit a cloud of dark smoke.
Casting: Dazzling Spray
Confirm with . or Enter, or press ? or * to list all spells.
Your skin crawls.
Things that are here:
a long sword; a scale mail The deep elf sorcerer gestures at you while chanting.
You resist with almost no effort.
The deep elf sorcerer points at you and mumbles some strange words.
The hellfire explodes!
The blast of hellfire engulfs you!
You die...

#..# #..........# #e.#
######.##### #≈)# ##.....#
#)§# ###......## #§§#
#.)###....# #§§######### #.##
##...## #§§#§......## #.#
#....# ...##§§§e§......###.##
##...##
....[§§...)..)..@....###....#
...####§§.....).##.........##
.. ##.......##...........# .
##.....####.........##
##..(## ##s).....## ##'##
##.....## #.# #....## . ###
#.# #.#.## ... ..# ##.##
#.###


You could see a deep elf sorcerer.

Table legend:
 A = Kills in this place as a percentage of kills in entire the game.
 B = Kills by you in this place as a percentage of kills by you in the entire game.
 C = Kills by friends in this place as a percentage of kills by friends in the entire game.
 D = Other kills in this place as a percentage of other kills in the entire game.
 E = Experience gained in this place as a percentage of experience gained in the entire game.
 F = Experience gained in this place divided by the number of levels of this place that you have seen.
                   A       B       C       D       E      F
               +-------+-------+-------+-------+-------+----------------------
         Total | 100.0 | 100.0 | 100.0 | 100.0 | 100.0 | 8670.5
       Dungeon |  31.4 |  32.1 |   6.2 |  24.5 |  15.2 | 3872.0
          Lair |  21.9 |  22.5 |  15.6 |   8.2 |  20.6 | 9829.5
        Shoals |   3.4 |   3.2 |   0.0 |  12.2 |   7.3 | 9222.0
   Spider Nest |  15.3 |  14.8 |  18.8 |  26.5 |  25.6 | 19559.6
  Orcish Mines |  15.1 |  14.8 |  50.0 |   4.1 |   3.9 | 3741.5
   Elven Halls |   6.4 |   6.4 |   9.4 |   4.1 |  18.0 | 22953.0
        Depths |   2.2 |   2.3 |   0.0 |   2.0 |   4.8 | 18332.0
         Abyss |   1.0 |   1.0 |   0.0 |   2.0 |   1.6 | 2016.3
      Ice Cave |   3.2 |   2.8 |   0.0 |  16.3 |   2.9 | 11118.0
               +-------+-------+-------+-------+-------+----------------------

Vanquished Creatures
  Norris (Elf:2)
  Arachne (Spider:4)
  Nikola (Shoals:2)
  The ghost of Herrn the Spear-Bearer, a mighty NaTm of Cheibriados (Elf:2)
  A deep elf blademaster (Elf:3)
  A tentacled starspawn (Abyss:3)
  Rupert (Spider:2)
  An orc warlord (Orc:4)
  3 ghost moths
  Donald (Elf:1)
  Maud (Lair:3)
  Louise (Shoals:1)
  2 deep elf sorcerers (Elf:3)
  12 emperor scorpions
  Jorgrun (Elf:2)
  7 deep elf demonologists (Elf:3)
  6 dire elephants (Lair:8)
  3 deep elf annihilators (Elf:3)
  8 vault guards (D:14)
  Snorg (Spider:3)
  2 deep elf high priests (Elf:3)
  3 deep elf death magi (Elf:3)
  2 blizzard demons (IceCv)
  Josephine (D:14)
  An ice dragon (Depths:1)
  2 fire dragons (D:15)
  2 merfolk impalers
  Fannar (Orc:2)
  The ghost of Monkaria the Severer, a powerful HOFi of Makhleb (D:11)
  4 hydras
  Erica (Lair:2)
  4 centaur warriors
  An alligator snapping turtle (Shoals:3)
  3 deep troll earth magi (Depths:1)
  2 merfolk avatars (Shoals:1)
  An anaconda (Lair:8)
  An ogre mage (Depths:1)
  9 death yaks
  A tengu warrior (D:12)
  3 orc high priests (Orc:4)
  3 deep troll shamans (Depths:1)
  Urug (D:14)
  Nergalle (Lair:3)
  A catoblepas (D:14)
  6 sea snakes
  An iron troll (Depths:1)
  2 giant orange brains
  A wizard (D:15)
  An unseen horror (D:14)
  5 ice devils (IceCv)
  13 deep elf knights
  9 deep elf summoners
  3 deep trolls (Depths:1)
  A necromancer (Lair:3)
  An ice statue (IceCv)
  8 manticores
  A hornet (Spider:4)
  29 orb spiders
  3 hill giants
  3 orc sorcerers (Orc:4)
  3 cyclopes
  13 deep elf conjurers
  24 wolf spiders
  6 orc knights
  3 griffons
  7 ugly things
  4 water nymphs
  4 sirens
  6 black mambas
  An octopode (shapeshifter) (Elf:3)
  40 elephants
  15 spiny frogs
  2 moths of wrath
  An orange demon (Abyss:3)
  A queen ant (Lair:1)
  A torpor snail (Lair:6)
  3 anaconda simulacra (IceCv)
  A smoke demon (Abyss:3)
  4 centaur skeletons
  A redback zombie (D:14)
  2 fire drakes
  3 efreet
  7 komodo dragons
  9 deep elf priests
  5 freezing wraiths
  2 tengu conjurers (Depths:1)
  15 demonic crawlers
  4 trolls
  18 jumping spiders
  An ancient zyme (Abyss:3)
  A blue devil (IceCv)
  10 merfolk
  5 two-headed ogres
  A golden dragon simulacrum (IceCv)
  2 wind drakes (Shoals:1)
  2 polar bears
  A two-headed ogre (shapeshifter) (Elf:1)
  Prince Ribbit (D:5)
  10 slime creatures
  5 raiju (Abyss:3)
  4 ravens
  A blink frog (Lair:4)
  A boulder beetle (Lair:8)
  4 snapping turtles
  A trapdoor spider zombie (D:12)
  A vampire (Depths:1)
  2 basilisks
  2 shadows
  3 wraiths (D:14)
  28 trapdoor spiders
  2 ynoxinuls (Abyss:3)
  50 redbacks
  A redback (shapeshifter) (Elf:2)
  A spriggan (D:8)
  3 water elementals (Shoals:2)
  34 tarantellas
  21 deep elf magi
  47 yaks
  3 wyverns
  A human (shapeshifter) (D:14)
  7 hippogriffs
  3 steam dragons
  8 wargs
  16 deep elf fighters
  2 small abominations (Abyss:3)
  6 wolves (Lair:7)
  A dire elephant simulacrum (IceCv)
  2 large abominations
  2 death yak simulacra (IceCv)
  4 vampire mosquitoes (D:15)
  2 iron troll simulacra (IceCv)
  Edmund (D:4)
  3 harpy simulacra (IceCv)
  19 water moccasins
  2 mottled dragons
  20 soldier ants (Lair:1)
  2 ettin simulacra (IceCv)
  21 spiders
  2 eyes of draining
  An elephant zombie (Lair:3)
  3 sky beasts
  4 ice beasts
  32 orc warriors
  3 phantoms
  2 hydra simulacra (IceCv)
  A black bear (D:6)
  2 wasps
  13 porcupines
  5 electric eels
  16 centaurs
  18 ogres
  17 crocodiles
  Duvessa (D:7)
  An alligator simulacrum (IceCv)
  A boring beetle (Spider:3)
  8 big kobolds
  4 brain worms (D:15)
  Blork the orc (D:6)
  A gnoll sergeant (Orc:4)
  A water moccasin zombie (D:7)
  A wyvern zombie (D:13)
  20 giant frogs
  6 scorpions
  An elephant simulacrum (IceCv)
  3 killer bees (D:7)
  15 wights
  A vampire bat (Orc:2)
  Dowan (D:7)
  3 centaur zombies
  2 draconian simulacra (IceCv)
  2 goliath beetles
  A giant frog zombie (D:13)
  7 crimson imps
  2 giant frog skeletons
  2 basilisk zombies (Lair:3)
  24 orc priests
  13 jellies
  5 hell rats
  29 orc wizards
  6 iguanas
  10 hounds
  A centaur simulacrum (IceCv)
  A polar bear simulacrum (IceCv)
  28 worker ants
  A crocodile zombie (Lair:3)
  10 sheep
  3 troll simulacra (IceCv)
  Ijyb (D:7)
  A hound zombie (D:9)
  2 worker ant zombies
  18 gnolls
  5 naga simulacra (IceCv)
  69 river rats
  2 shadow imps
  25 adders
  7 white imps
  A worm (D:2)
  4 ufetubi (IceCv)
  An adder zombie (D:8)
  5 giant geckos
  2 oozes
  185 orcs
  2 ball pythons
  22 bats
  A bat zombie (D:6)
  6 giant cockroaches
  27 hobgoblins
  12 jackals
  47 kobolds
  7 giant newts
  24 goblins
  7 quokkas
  A quokka zombie (D:5)
  13 rats
  3 crawling corpses (Elf:3)
  7 fungi
  5 plants
1614 creatures vanquished.

Vanquished Creatures (collateral kills)
  A deep elf annihilator (Elf:1)
  An orc sorcerer (Orc:4)
  An orc knight (Orc:4)
  2 deep elf conjurers (Elf:1)
  A moth of wrath (Spider:5)
  2 jumping spiders (Spider:5)
  A tarantella (Spider:2)
  A redback (Spider:1)
  A spider (Spider:4)
  An orc warrior (Orc:4)
  A killer bee (D:7)
  2 orc priests (Orc:4)
  6 river rats
  8 orcs
  A hobgoblin (Orc:2)
  A goblin (Orc:4)
  An orc zombie (Orc:4)
32 creatures vanquished.

Vanquished Creatures (others)
  A centaur warrior (D:13)
  A deep elf knight (Depths:1)
  A trapdoor spider (Elf:3)
  2 deep elf magi
  23 fulminant prisms
  2 spiders (Elf:3)
  A hydra simulacrum (IceCv)
  An orc warrior (Orc:4)
  An ice beast (Orc:2)
  A crocodile (D:12)
  A centaur (D:13)
  An electric eel (Lair:3)
  2 small abominations (Abyss:3)
  An orc priest (Orc:4)
  An orc wizard (Orc:4)
  A giant spore (Abyss:3)
  A bush (Lair:8)
  15 fungi
  2 plants
  4 starspawn tentacles (Abyss:3)
  29 starspawn tentacle segments (Abyss:3)
92 creatures vanquished.

Grand Total: 1738 creatures vanquished

Action                   |  1- 3 |  4- 6 |  7- 9 | 10-12 | 13-15 | 16-18 || total
-------------------------+-------+-------+-------+-------+-------+-------++-------
Melee: Unarmed           |    61 |   118 |   182 |   598 |  1326 |   829 ||  3114
 Cast: Corona            |     9 |       |       |       |       |       ||     9
       Ensorcelled Hiber |    23 |    61 |    78 |   164 |   242 |    24 ||   592
       Confuse           |       |    14 |    56 |   166 |   273 |   278 ||   787
       Dazzling Spray    |       |       |    13 |    13 |   105 |   237 ||   368
       Enslavement       |       |       |       |     4 |    23 |     5 ||    32
       Regeneration      |       |       |       |    11 |    55 |   102 ||   168
       Mephitic Cloud    |       |       |       |       |     9 |       ||     9
       Apportation       |       |       |       |       |     2 |     6 ||     8
       Blink             |       |       |       |       |     1 |    21 ||    22
       Shroud of Golubri |       |       |       |       |     1 |       ||     1
       Freezing Cloud    |       |       |       |       |       |    41 ||    41
       Fulminant Prism   |       |       |       |       |       |    23 ||    23
       Gell's Gravitas   |       |       |       |       |       |     8 ||     8
       Repel Missiles    |       |       |       |       |       |     2 ||     2
       Force Lance       |       |       |       |       |       |     8 ||     8
       Ozocubu's Armour  |       |       |       |       |       |     1 ||     1
       Condensation Shie |       |       |       |       |       |     1 ||     1
Invok: Shadow Step       |       |       |       |     4 |     9 |    18 ||    31
 Abil: Evoke Teleportati |       |       |       |     1 |     5 |       ||     6
       Spit Poison       |       |       |       |       |     1 |     7 ||     8
       Evoke Flight      |       |       |       |       |     1 |     3 ||     4
Evoke: Wand              |       |       |       |     3 |     2 |     9 ||    14
       Sack of spiders   |       |       |       |       |       |    12 ||    12
  Use: Scroll            |     6 |     2 |     3 |    10 |    18 |    26 ||    65
       Potion            |       |       |     1 |     1 |     4 |    38 ||    44
 Stab: Sleeping          |    26 |    50 |    59 |   145 |   300 |    93 ||   673
       Distracted        |       |     2 |     1 |       |     6 |     5 ||    14
       Confused          |       |     5 |    17 |    79 |   129 |   124 ||   354
       Invisible         |       |       |     1 |     1 |    17 |    23 ||    42
  Eat: Chunk             |     2 |    19 |    15 |    38 |    49 |    59 ||   182
       Pizza             |       |       |       |       |     1 |     1 ||     2
       Beef jerky        |       |       |       |       |       |     2 ||     2
       Meat ration       |       |       |       |       |       |     1 ||     1
       Royal jelly       |       |       |       |       |       |     1 ||     1

Vault maps used:
D:1:      dpeg_arrival_rhombi
D:3:      first_bread, st_stairs_7
D:4:      xom_butterflies, serial_shops, nicolae_shop_crystal
D:5:      minmay_temple_entry_enclosed_plants, elyvilon_altar_1, uniq_edmund,
          uniq_prince_ribbit1
D:6:      serial_park_square1, okawaru_ov_weapons_minmay, st_stairs_6,
          uniq_blork_the_orc
D:7:      uniq_duvessa, uniq_iyjb
D:8:      kennysheep_mini_moat, minitemple, the_bakery, minmay_misc_feat_five,
          lightli_corner_chamber
D:9:      david_orc_1_choice, minmay_unpleasant_kobolds
D:11:     minmay_lair_entry_grove, special_room
D:12:     lemuel_flamethrower_2
D:13:     item_on_display_b
D:14:     erik_vaults_2, uniq_josephine, uniq_urug
D:15:     grunt_enter_depths_hoard, hangedman_abyss_or_decor_stagger,
          basic_altar, minmay_brain_eaters
Temple:   jpeg_temple_alley_garden_8
Lair:1:   minivault_29, serial_bayou_shore_a
Lair:2:   pond, uniq_erica
Lair:3:   pond_and_an_island_with_a_cottage, spider_nest_entry_rubble,
          basic_altar, uniq_nergalle, uniq_maud
Lair:5:   beast_lair_carwin_3
Lair:6:   shoals_dummy_entry, minmay_slime_entry_pillars
Lair:7:   minivault_25, bh_autumn_forest_stairs
Lair:8:   due_jungle_book
Shoals:1: nicolae_shoals_c_island, uniq_louise, uniq_roxanne
Shoals:2: serial_shops, nicolae_shop_window_shopping, lemuel_centaur_altar,
          uniq_nikola
Shoals:3: serial_shops, shop, uniq_polyphemus
Spider:1: portal_ice_cave_entry_pillars_01, nicolae_spider_circle_web
Spider:2: uniq_snorg, uniq_rupert
Spider:3: nicolae_orb_island
Spider:4: spiders_nest_the_unseen, uniq_arachne
Spider:5: grunt_spider_rune_circles
Orc:2:    serial_shops, nicolae_shop_crystal, roderic_batcave, uniq_fannar
Orc:3:    cheibrodos_orc_bank, nicolae_orc_pool_cavern
Orc:4:    grunt_orc_tribal_feast
Elf:1:    eino_elf_arrival_the_gate, basic_altar, serial_shops,
          nicolae_shop_crystal, minmay_elf_annihilation, uniq_donald
Elf:2:    serial_shops, shop, minivault_24, hangedman_elven_ridges,
          grunt_ministairs_3, uniq_norris, uniq_jorgrun
Elf:3:    elf_hall_gauntlet_wide, special_room, serial_shops, shop
Depths:1: serial_sigils_hangedman_clutch, rand_demon_pan_entry_4,
          pf_vacation_house_of_asmodeus, minmay_orc_keep
IceCv:    ice_cave_caverns_03
